Map: Orbital Shipyard

Players

Saadistic

  • Race: Protoss Protoss

aLoyd - Winner!

  • Race: Zerg Zerg
  • League: Platinum

VOD

Have the link to the VOD?

Description

Time

  • Played on: Nov. 14, 2015, 3:35 a.m.
  • Length: 8:32
Show
View Real Time Build Order
Export as new Build Order

Saadistic Protoss 

Build Orders:  

Get SALT Encoding   

  12  0:01  Probe (Chrono Boost)  
  13  0:17  Probe (Chrono Boost), Pylon  
  14  0:30  Probe (Chrono Boost)  
  15  0:40  Gateway  
  15  0:41  Probe (Chrono Boost)  
  16  0:46  Assimilator  
  16  0:51  Probe (Chrono Boost)  
  16  0:54  Assimilator  
  17  1:02  Probe (Chrono Boost)  
  18  1:06  Pylon  
  18  1:13  Probe (Chrono Boost)  
  19  1:28  Probe (Chrono Boost)  
  19  1:31  Cybernetics Core  
  19  1:32  Zealot  
  22  1:38  Probe (Chrono Boost)  
  23  1:49  Probe (Chrono Boost)  
  24  2:00  Probe (Chrono Boost)  
  25  2:09  Robotics Facility  
  25  2:10  Probe (Chrono Boost)  
  25  2:11  Warp Gate (Chrono Boost)  
  26  2:17  Adept  
  26  2:22  Probe  
  29  2:27  Pylon  
  29  2:34  Probe  
  30  2:40  Gateway  
  30  2:49  Gateway  
  30  2:50  Probe  
  31  3:01  Warp Prism  
  33  3:24  Probe  
  34  3:29  Nexus  
  34  3:36  Probe  
  35  3:48  Assimilator  
  35  3:51  Probe  
  35  3:53  Assimilator  
  36  3:58  Pylon  
  36  4:03  Probe  
  37  4:19  Adept x2  
  37  4:20  Adept  
  41  4:39  Probe  
  36  4:50  Stalker x3  
  36  4:51  Probe  
  43  4:57  Stargate  
  43  5:01  Probe  
  43  5:04  Probe  
  45  5:11  Probe  
  46  5:16  Probe  
  46  5:19  Stargate  
  47  5:23  Sentry x3  
  47  5:27  Probe  
  53  5:29  Probe  
  51  5:55  Stalker x3  
  57  5:58  Nexus  
  57  6:03  Probe  
  57  6:04  Probe  
  55  6:23  Probe  
  55  6:24  Probe  
  55  6:31  Observer  
  55  6:32  Fleet Beacon  
  56  6:35  Assimilator  
  56  6:39  Assimilator  
  56  6:41  Probe (Chrono Boost), Pylon  
  56  6:42  Probe (Chrono Boost)  
  58  6:58  Probe (Chrono Boost)  
  58  6:59  Probe (Chrono Boost)  
  60  7:05  Stalker  
  60  7:18  Stalker  
  60  7:20  Stalker  
  64  7:33  Probe (Chrono Boost)  
  64  7:34  Probe (Chrono Boost)  
  64  7:35  Probe (Chrono Boost)  
  79  7:38  Observer  
  79  7:44  Probe x2  
  80  7:50  Stalker  
  84  7:57  Pylon x2  
  67  8:16  Stalker x2  
  67  8:17  Stalker  
Show
View Real Time Build Order
Export as new Build Order

aLoyd Zerg - Winner!

Build Orders: Pool First 

Get SALT Encoding   

  12  0:01  Drone  
  13  0:10  Drone  
  14  0:18  Overlord  
  14  0:29  Extractor  
  14  0:30  Drone  
  14  0:32  Extractor  
  14  0:33  Drone  
  16  0:38  Drone  
  17  0:45  Drone  
  18  0:50  Extractor  
  18  0:52  Spawning Pool  
  18  0:56  Drone  
  17  1:05  Drone  
  18  1:17  Drone  
  19  1:38  Overlord  
  19  1:41  Queen  
  19  1:43  Zergling x2  
  22  1:54  Hatchery  
  21  2:04  Metabolic Boost  
  21  2:07  Drone  
  22  2:15  Zergling x2  
  23  2:22  Queen  
  25  2:24  Overlord  
  25  2:29  Drone  
  26  2:40  Drone  
  27  2:55  Roach Warren  
  26  2:59  Queen  
  28  3:13  Drone  
  28  3:14  Queen  
  28  3:16  Drone x4  
  35  3:21  Drone x2  
  37  3:33  Drone  
  38  3:34  Overlord  
  38  3:36  Lair  
  38  3:40  Extractor  
  37  3:43  Drone  
  37  3:44  Drone  
  37  3:45  Drone  
  40  3:48  Overlord  
  40  4:07  Drone x2  
  42  4:16  Roach x2  
  42  4:17  Roach x5  
  51  4:53  Drone x4  
  51  4:57  Glial Reconstitution  
  55  5:01  Drone x4, Hydralisk Den  
  55  5:02  Drone x2  
  60  5:09  Spore Crawler  
  58  5:16  Overlord x2  
  59  5:28  Drone  
  57  5:56  Drone x5  
  57  5:57  Drone x3  
  64  5:59  Extractor  
  64  6:01  Extractor  
  63  6:07  Lurker Den  
  63  6:08  Overlord  
  63  6:09  Overlord  
  63  6:13  Hatchery  
  54  6:23  Roach  
  54  6:24  Roach x5  
  62  6:35  Hydralisk x2  
  66  6:44  Hydralisk x2  
  66  6:45  Hydralisk x2  
  74  6:54  Hydralisk  
  76  7:02  Hydralisk x2, Roach  
  76  7:03  Roach  
  76  7:06  Overlord x3  
  84  7:23  Drone x4  
Tags
 
Add a new tag
Caveats
  • Supply blocks, unpowered buildings, or Contaminate may cause inaccurate times.
  • Supply counts are checked every 10 seconds.